 Dungeon Crawl Stone Soup version 0.29-a0-541-gaf1fc19f1b (webtiles) character file.

Game seed: 6155587404735776074

1608 testman the Basher (level 9, -7/83 HPs)
             Began as a Meteoran Fighter on June 2, 2022.
             Was a Believer of Ru.
             Mangled by a hornet (14 damage)
             ... on level 7 of the Dungeon.
             The game lasted 00:20:44 (2957 turns).

testman the Basher (Meteoran Fighter)               Turns: 2957, Time: 00:20:45

Health: -7/83      AC:  9    Str: 22    XL:     9   Next: 39%
Magic:  10/10      EV:  9    Int: 10    God:    Ru [**....]
Gold:   816        SH:  5    Dex: 14    Spells: 8/8 levels left

rFire   . . .      SeeInvis .   a - +1 flail
rCold   + . .      Faith    .   c - +0 buckler
rNeg    . . .      Spirit   .   b - +0 scale mail
rPois   .          Reflect  .   (no helmet)
rElec   .          Harm     .   j - +0 cloak
rCorr   .          Rampage  .   (no gloves)
Will    +....                   y - +0 pair of boots
Stlth   ..........              B - amulet of Vampiric Thralls {Fly Regen+}
HPRegen 1.03/turn               m - ring of protection from cold
MPRegen 0.12/turn               (no ring)

@: lethally poisoned (-7 -> -12), marked, flying, slowed, glowing, invisible
(but backlit and visible), very slow
A: sense surroundings 2, hated by all, no conjurations magic, no fire magic, no
hexes magic, otherworldly, glowing, explore regen
a: Renounce Religion


You were on level 7 of the Dungeon.
You worshipped Ru.
Ru was pleased with you.
You visited 1 branch of the dungeon, and saw 7 of its levels.

You collected 816 gold pieces.

Inventory:

Hand Weapons
 a - a +1 flail (weapon)
Missiles
 q - 8 poisoned darts (quivered)
Armour
 b - a +0 scale mail (worn)
 c - a +0 buckler (worn)
 j - a +0 cloak (worn)
 y - a +0 pair of boots (worn)
Jewellery
 k - an amulet of magic regeneration
 m - a ring of protection from cold (left hand)
 B - the amulet of Vampiric Thralls (around neck) {Fly Regen+}
   (You acquired it on level 7 of the Dungeon)

   [amulet of regeneration]

   Fly:       It grants you flight.
   Regen:     It increases your rate of health regeneration.
Wands
 l - a wand of iceblast (19)
 o - a wand of flame (9)
 A - a wand of digging (1)
Scrolls
 e - a scroll of enchant weapon
 r - a scroll of fear {unknown}
 s - a scroll of magic mapping {unknown}
Potions
 f - a potion of lignification {unknown}
 g - 2 potions of curing
 i - 3 potions of attraction
 p - a potion of invisibility
 t - 2 potions of flight {unknown}
 u - a potion of ambrosia {unknown}
 w - 3 potions of berserk rage {unknown}
 x - a potion of haste {unknown}
 z - a potion of magic {unknown}


   Skills:
 + Level 9.1 Fighting
 + Level 10.4 Maces & Flails
 - Level 3.6 Armour
 - Level 4.0 Shields


You had 8 spell levels left.
You didn't know any spells.
Your spell library was empty.

Dungeon Overview and Level Annotations

Branches:
Dungeon (7/15)
 Temple: D:4-7

Altars:
Ashenzari
Cheibriados
Hepliaklqana
Kikubaaqudgha
Ru
Uskayaw
Xom

Annotations:
D:2 Natasha


Innate Abilities, Weirdness & Mutations

You passively map the area around you.
You are hated by all.
You cannot study or cast Conjurations magic.
You cannot study or cast Fire magic.
You cannot study or cast Hexes magic.
You are easily found by Zot.
You glow in the dark.
You regain HP and MP as you explore.


Message History

You thump the hornet!
The hornet is moderately wounded.
The hornet stings you!
You feel as though you will be slow longer.
The hornet stings you.
You are poisoned.
You shrug off the repeated paralysis!
You sock the hornet!
The hornet is heavily wounded.
You feel very sick. You block the hornet's attack. The hornet stings you!
* * * LOW HITPOINT WARNING * * *
You feel as though you will be slow longer.
You feel much better.
You feel sick.
The hornet stings you but does no damage.
The hornet stings you!
You feel as though you will be slow longer.
It was a potion of invisibility.
You become transparent, but the glow from your body prevents you from becoming completely invisible.
You feel sick. The hornet stings you!
You feel as though you will be slow longer.
The hornet stings you.
* * * LOW HITPOINT WARNING * * *
You feel as though you will be slow longer.
The hornet stings you!
* * * LOW HITPOINT WARNING * * *
You are more poisoned.
You feel as though you will be slow longer.
Okay, then.
As you read the scroll labelled XAULUN WYTUEC, it crumbles to dust.
You hear a loud clanging noise!
It was a scroll of noise.
* * * LOW HITPOINT WARNING * * *
You feel very sick.
The hornet stops glowing.
The hornet stings you.
* * * LOW HITPOINT WARNING * * *
You feel as though you will be slow longer.
An orc comes into view. It is wielding a +0 dagger.
The hornet stings you!
You die...

*** , , *
#################* ###*
##....#.#......#.##....
*
.....................#
,
*........o......@y...(#
,,*
#..####.########.##.##*
* * #######.## #### * ,
.........# ,...# , ,
.........# ... , , , ,
#..##...## #.#* , , ,
#.,##...########.### *
,,* #....)..........#
,* , ,
#...###............# ,
* ,


You could see a hornet and an orc.

Vanquished Creatures
  Eustachio (D:5)
  3 yaks
  An ice beast (D:5)
  A black bear (D:7)
  An orc warrior (D:7)
  A centaur (D:5)
  A phantom (D:6)
  A kobold brigand (D:7)
  2 necrophages
  A howler monkey (D:4)
  A jelly (D:6)
  6 hounds
  Jessica (D:3)
  An orc wizard (D:7)
  4 gnolls (D:4)
  4 adders
  2 worms
  2 dart slugs
  7 orcs
  3 ball pythons (D:3)
  A bat (D:3)
  4 endoplasms
  A giant cockroach (D:2)
  4 goblins
  A hobgoblin (D:4)
  3 jackals (D:1)
  5 kobolds
  5 quokkas
  3 frilled lizards
  A rat (D:1)
72 creatures vanquished.

Vanquished Creatures (others)
  5 plants (D:3)
5 creatures vanquished.

Grand Total: 77 creatures vanquished

Notes
Turn   | Place    | Note
-------+----------+-------------------------------------------
     0 | D:1      | testman the Meteoran Fighter began the quest for the Orb.
     0 | D:1      | Reached XP level 1. HP: 19/19 MP: 2/2
    54 | D:1      | Reached skill level 3 in Maces & Flails
    54 | D:1      | Reached XP level 2. HP: 11/26 MP: 3/3
   413 | D:2      | Found a faded altar of an unknown god.
   420 | D:2      | Prayed at the altar of an unknown god.
   420 | D:2      | Became a worshipper of Ru the Awakened
   432 | D:2      | Gained mutation: You are hated by all. [Ru sacrifice]
   432 | D:2      | Reached * piety under Ru
   452 | D:2      | Reached XP level 3. HP: 33/33 MP: 4/4
   473 | D:2      | Noticed Natasha
   473 | D:2      | You fall into a shaft and drop 1 floor!
   476 | D:3      | Noticed Jessica
   490 | D:3      | Killed Jessica
   491 | D:3      | Reached skill level 4 in Maces & Flails
   491 | D:3      | Reached XP level 4. HP: 40/40 MP: 5/5
   605 | D:3      | Found an ancient bone altar of Kikubaaqudgha.
   658 | D:3      | Found a hide-covered altar of Uskayaw.
   735 | D:4      | Reached XP level 5. HP: 47/47 MP: 6/6
   769 | D:4      | Reached skill level 5 in Maces & Flails
   774 | D:4      | Reached skill level 5 in Fighting
   776 | D:4      | Noticed a necrophage
   803 | D:4      | Killed a necrophage
   804 | D:4      | Reached XP level 6. HP: 32/55 MP: 7/7
  1094 | D:4      | Reached skill level 6 in Maces & Flails
  1142 | D:4      | Found a broken altar of Ashenzari.
  1241 | D:4      | Reached XP level 7. HP: 57/62 MP: 8/8
  1367 | D:5      | Entered Level 5 of the Dungeon
  1577 | D:5      | Reached skill level 7 in Maces & Flails
  1610 | D:5      | Noticed a yak
  1610 | D:5      | Noticed a yak
  1611 | D:5      | Noticed a yak
  1624 | D:4      | Killed a yak
  1750 | D:5      | Killed a yak
  1751 | D:5      | Reached skill level 8 in Maces & Flails
  1751 | D:5      | Reached XP level 8. HP: 43/73 MP: 9/9
  1753 | D:5      | Killed a yak
  1904 | D:5      | Noticed Eustachio
  1941 | D:5      | Killed Eustachio
  1942 | D:5      | Reached skill level 9 in Maces & Flails
  2136 | D:5      | Found a shimmering altar of Xom.
  2180 | D:6      | Found a snail-covered altar of Cheibriados.
  2203 | D:6      | Gained mutation: You passively map the area around you.
                  | [Meteoran growth]
  2203 | D:6      | Reached XP level 9. HP: 81/81 MP: 10/10
  2422 | D:6      | Gained mutation: You cannot study or cast Fire magic. [Ru
                  | sacrifice]
  2422 | D:6      | Gained mutation: You cannot study or cast Hexes magic. [Ru
                  | sacrifice]
  2422 | D:6      | Gained mutation: You cannot study or cast Conjurations
                  | magic. [Ru sacrifice]
  2422 | D:6      | Reached ** piety under Ru
  2695 | D:7      | Identified 2 scrolls of acquirement
  2695 | D:7      | Acquired the amulet of Vampiric Thralls {Fly Regen+}
  2699 | D:7      | Reached skill level 10 in Maces & Flails
  2733 | D:7      | Acquired 732 gold pieces
  2947 | D:7      | Noticed a hornet
  2949 | D:7      | Paralysed by a hornet for 3 turns
  2957 | D:7      | Mangled by a hornet

Illustrated notes

Levels and vault maps discovered:
D:1:      lemuel_arrival_lava_pool, layout_basic, minivault_14
D:2:      layout_basic, dilly_ecumenical_altar_fadedgnrine, uniq_natasha,
          uniq_crazy_yiuf_cottage
D:3:      layout_rooms, lemuel_crystal_altar,
          nicolae_uskayaw_murder_on_the_dancefloor, minmay_shallow_snake_nest,
          uniq_jessica
D:4:      layout_basic, makhleb_blood_cavern_becter,
          nicolae_ashenzari_panopticon, serial_shops, nicolae_shop_waterfront,
          kennysheep_pointless_box
D:5:      layout_basic, mainiacjoe_overflow_surrounded_room,
          kennysheep_generic_room_13, uniq_eustachio, uniq_prince_ribbit1,
          uniq_ijyb
D:6:      nicolae_cairo_tiling_large, layout_basic,
          mainiacjoe_overflow_tiny_flanked, mainiacjoe_overflow_24_doors,
          ebering_dispersal_statue_hall, serial_bayou_pond_c
D:7:      nicolae_BIG_FREAKIN_CUBE, layout_gridville,
          mainiacjoe_overflow_alcove_1, minmay_temple_entry_mini_moons,
          uniq_maggie

Skill      XL: |  1  2  3  4  5  6  7  8  9 |
---------------+----------------------------+-----
Maces & Flails | 3 4 5 6 8 9 10 | 10.4
Shields        | 4 |  4.0
Fighting       | 4 5 7 8 9 |  9.1
Armour         | |  3.6

Action                   |  1- 3 |  4- 6 |  7- 9 || total
-------------------------+-------+-------+-------++-------
Melee: Flail             |    49 |    93 |   148 ||   290
Throw: Dart              |       |     2 |     3 ||     5
Invok: Sacrifice Love    |     1 |       |       ||     1
       Sacrifice Arcana  |       |       |     1 ||     1
  Use: Potion            |       |       |     5 ||     5
       Scroll            |       |       |     7 ||     7
 Stab: Distracted        |       |       |     1 ||     1
Armor: Scale mail        |    20 |    51 |    95 ||   166
Dodge: Dodged            |    26 |    27 |    64 ||   117
Block: Buckler           |    13 |    23 |    30 ||    66

Table legend: (Time is in decaauts)
 A = Elapsed time spent in this place.
 B = Non-inter-level travel time spent in this place.
 C = Inter-level travel time spent in this place.
 D = Time resting spent in this place.
 E = Time spent auto-exploring this place.
 F = Levels seen in this place.
 G = Mean time per level.
                   A        B        C        D        E       F      G
               +--------+--------+--------+--------+--------+-----+--------+
         Total |   2996 |   2836 |    160 |    357 |   1614 |   7 |  428.0 |
       Dungeon |   2996 |   2836 |    160 |    357 |   1614 |   7 |  428.0 |
               +--------+--------+--------+--------+--------+-----+--------+

Top non-repeatable levels by time:
     D:4: 819 daAuts
     D:5: 676 daAuts
     D:7: 443 daAuts
     D:1: 400 daAuts
     D:6: 351 daAuts
     D:3: 220 daAuts
     D:2: 85 daAuts
